 Dungeon Crawl Stone Soup version 0.28.0-53-g5a82cb258f (webtiles) character file.

Game seed: 11182184073532250019

91 Sin92 the Skirmisher (level 4, -5/35 HPs)
             Began as a Demonspawn Fighter on July 28, 2022.
             Slain by an ogre
             ... wielding a +0 giant spiked club
              (11 damage)
             ... on level 4 of the Dungeon.
             The game lasted 00:01:56 (2561 turns).

Sin92 the Skirmisher (Demonspawn Fighter)           Turns: 2561, Time: 00:01:57

Health: -5/35      AC:  6    Str: 22    XL:     4   Next: 34%
Magic:  0/4        EV: 10    Int: 10    God:
Gold:   87         SH:  5    Dex: 14    Spells: 3/3 levels left

rFire   . . .      SeeInvis .   a - +0 long sword
rCold   . . .      Faith    .   c - +0 buckler
rNeg    . . .      Spirit   +   b - +0 scale mail
rPois   .          Reflect  .   (helmet restricted)
rElec   .          Harm     .   (no cloak)
rCorr   .          Rampage  .   (no gloves)
Will    .....                   (no boots)
Stlth   ..........              k - amulet of guardian spirit
HPRegen 0.11/turn               j - +6 ring of strength
MPRegen 0.18/turn               (no ring)

@: no status effects
A: antennae 1, magic regeneration
a: no special abilities


You were on level 4 of the Dungeon.
You visited 1 branch of the dungeon, and saw 4 of its levels.

You collected 87 gold pieces.

Inventory:

Hand Weapons
 a - a +0 long sword (weapon)
Armour
 b - a +0 scale mail (worn)
 c - a +0 buckler (worn)
Jewellery
 i - a ring of magical power
 j - a +6 ring of strength (left hand)
 k - an amulet of guardian spirit (around neck)
Scrolls
 f - a scroll of identify
Potions
 d - a potion of might
 e - a potion of degeneration
 g - a potion of cancellation
 h - 2 potions of curing {unknown}


   Skills:
 + Level 3.3 Fighting
 + Level 2.3 Long Blades
 + Level 3.1 Armour
 * Level 2.0 Dodging
 + Level 3.1 Shields


You had 3 spell levels left.
You didn't know any spells.
Your spell library contained the following spells:

 Spells                   Type           Power      Damage    Failure   Level
 Corpse Rot               Necr/Air       0%         N/A       89%         2
 Gell's Gravitas          Tloc           0%         N/A       98%         3
 Lesser Beckoning         Tloc           0%         N/A       98%         3
 Teleport Other           Tloc           0%         N/A       98%         3
 Dispel Undead            Necr           0%         3d6       100%        4
 Death Channel            Necr           0%         N/A       100%        6


Dungeon Overview and Level Annotations

Branches:
Dungeon (4/15)
 Temple: D:4-7

Altars:
Qazlal


Innate Abilities, Weirdness & Mutations

You have a pair of small antennae on your head.
You regenerate magic rapidly.


Message History

A goblin is nearby!
You slash the goblin!
You kill the goblin!
No target in view!
Found 27 arrows.
No target in view!
You see here a +0 club.
Found a stone staircase leading up.
No target in view!
You now have 87 gold pieces (gained 9).
You sense a monster nearby.
No target in view!
An ogre comes into view. It is wielding a +0 giant spiked club.
You completely miss the ogre.
The ogre hits you with a +0 giant spiked club!
An ogre is nearby!
An ogre is nearby!
You barely miss the ogre. The ogre misses you.
An ogre is nearby!
You hit the ogre.
The ogre is moderately wounded.
The ogre closely misses you.
You hit the ogre.
The ogre is moderately wounded.
The ogre hits you with a +0 giant spiked club!
Unknown command.
You barely miss the ogre.
The ogre is moderately wounded.
The ogre barely misses you.
You hit the ogre.
The ogre is heavily wounded.
The ogre hits you with a +0 giant spiked club!
* * * LOW HITPOINT WARNING * * *
You barely miss the ogre.
The ogre is heavily wounded.
The ogre barely misses you.
You barely miss the ogre.
The ogre is heavily wounded.
The ogre hits you with a +0 giant spiked club!
You die...

#.# #.# #.# #.# #.#
#.#.# #.####.#####
#.#.#####...........
#.#.#..........#####
#
##.#.#.###.#####)....
#.#....#.#
#...........
#........#
#.#####.####
#..O@#####.# #.#
##.#.......#####.# #
#####.........#
#.#####.....#####
#...........#
#######.....# #.....#
#######


You could see an ogre.

Vanquished Creatures
  3 adders (D:3)
  A worm (D:3)
  5 dart slugs
  9 bats
  2 endoplasms
  3 giant cockroaches
  4 goblins
  5 hobgoblins
  3 jackals (D:3)
  2 kobolds (D:1)
  4 ball pythons
  2 frilled lizards
  7 rats
50 creatures vanquished.

Notes
Turn   | Place    | Note
-------+----------+-------------------------------------------
     0 | D:1      | Sin92 the Demonspawn Fighter began the quest for the Orb.
     0 | D:1      | Reached XP level 1. HP: 18/18 MP: 1/1
   118 | D:1      | Gained mutation: You regenerate magic rapidly. [demonic
                  | ancestry]
   118 | D:1      | Reached XP level 2. HP: 23/24 MP: 2/2
   364 | D:1      | Reached skill level 1 in Dodging
   560 | D:1      | Found a faded altar of an unknown god.
   702 | D:2      | Gained mutation: You have a pair of small antennae on your
                  | head. [demonic ancestry]
   702 | D:2      | Reached XP level 3. HP: 29/29 MP: 3/3
  1087 | D:2      | Found a stormy altar of Qazlal.
  1855 | D:3      | Reached XP level 4. HP: 24/35 MP: 4/4
  2553 | D:4      | Noticed an ogre
  2561 | D:4      | Slain by an ogre

Illustrated notes

Levels and vault maps discovered:
D:1:      saegor_arrival_simple_a, layout_rooms, serial_glass, glass_columns_a,
          glass_columns_c, ebering_ecumenical_altar_sacrificial, hex_tiny,
          minmay_bisected
D:2:      layout_basic, basic_altar
D:3:      layout_loops_ring
D:4:      layout_loops_ring, minmay_misc_feat_iff, minmay_pentomino_pile

Skill      XL: |  1  2  3  4 |
---------------+-------------+-----
Long Blades    | 2 |  2.3
Dodging        | 1 2 |  2.0
Armour         | 3 |  3.1
Shields        | 3 |  3.1
Fighting       | |  3.3

Action                   |  1- 3 |  4- 6 || total
-------------------------+-------+-------++-------
Melee: Long sword        |   113 |    43 ||   156
  Use: Scroll            |     4 |     2 ||     6
Armor: Scale mail        |    49 |    23 ||    72
Dodge: Dodged            |    61 |    27 ||    88
Block: Buckler           |    35 |    16 ||    51
